[Event "74th ARM-ch Women 2019"]
[Site "Yerevan"]
[Date "2019.01.12"]
[Round "1"]
[White "Ghukasyan, Siranush"]
[Black "Avetisyan, Mariam"]
[Result "1-0"]
[ECO "B18"]
[WhiteElo "2226"]
[BlackElo "2106"]
[Annotator "NA"]
[PlyCount "147"]
[EventDate "2019.01.12"]
[EventType "tourn"]
[EventCountry "ARM"]
[SourceTitle "playchess.com"]
[Source "ChessBase"]
[SourceQuality "1"]
[TimeControl "40/5400+30:1800+30"]

1. e4 c6 2. d4 d5 3. Nc3 dxe4 4. Nxe4 Bf5 5. Ng3 Bg6 6. h4 h6 7. Nf3 e6 8. Ne5 Bh7 9. Bc4 Nd7 10. f4 Ngf6 11. O-O Bd6 12. Qe2 O-O 13. Bb3 Qe7 14. Bd2 c5 15. c3 Rad8 16. Rae1 cxd4 17. cxd4 Bc7 18. Bc3 Bb6 19. Nc4 Bc7 20. Ne3 Qd6 21. Qd2 a5 22. Nc4 Qa6 23. Bxa5 b6 24. Bb4 Nc5 25. Ne5 Bd6 26. Bc2 Bxc2 27. Qxc2 Nb7 28. Bxd6 Nxd6 29. Qb3 Qb5 30. Qc3 Nd5 31. Qd2 Qb4 32. Qf2 Nb5 33. Nc6 Qa4 34. Nxd8 Rxd8 35. b3 Qxd4 36. Qxd4 Nxd4 37. Rc1 Nb4 38. Rcd1 Nxa2 39. Kf2 Nc3 40. Rd3 Ncb5 41. Ne2 Rd5 42. Nxd4 Rxd4 43. Rxd4 Nxd4 44. Rb1 Kf8 45. h5 Ke7 46. b4 f6 47. g4 Kd6 48. Ke3 Kd5 49. Rc1 e5 50. f5 Kd6 51. Rc8 Ke7 52. Rc7+ Kf8 53. Ke4 b5 54. Rb7 Ne2 55. Kd5 Nc3+ 56. Kc5 Ne4+ 57. Kc6 Nc3 58. Ra7 e4 59. Ra3 Nd1 60. Ra1 Nf2 61. Re1 Nxg4 62. Rxe4 Nf2 63. Re2 Nd1 64. Re1 Nc3 65. Re3 Nd1 66. Rg3 Nf2 67. Kxb5 Ne4 68. Rd3 Nf2 69. Rd4 Nh1 70. Kc6 Ng3 71. Rd8+ Ke7 72. Rd7+ Ke8 73. b5 Nxf5 74. b6 1-0

[Event "74th ARM-ch Women 2019"]
[Site "Yerevan"]
[Date "2019.01.12"]
[Round "1"]
[White "Gaboyan, Susanna"]
[Black "Kursova, Maria"]
[Result "1/2-1/2"]
[ECO "A05"]
[WhiteElo "2111"]
[BlackElo "2279"]
[Annotator "NA"]
[PlyCount "92"]
[EventDate "2019.01.12"]
[EventType "tourn"]
[EventCountry "ARM"]
[SourceTitle "playchess.com"]
[Source "ChessBase"]
[SourceQuality "1"]
[TimeControl "40/5400+30:1800+30"]

1. Nf3 Nf6 2. g3 c5 3. Bg2 Nc6 4. d4 d5 5. O-O e6 6. c4 dxc4 7. Qa4 Bd7 8. dxc5 Bxc5 9. Qxc4 Be7 10. Nc3 Rc8 11. e4 Ne5 12. Qe2 Nxf3+ 13. Bxf3 e5 14. Bg5 O-O 15. Rfd1 Qe8 16. Bxf6 Bxf6 17. Rxd7 Qxd7 18. Bg4 Qc6 19. Bxc8 Rxc8 20. Rd1 Be7 21. Rd5 a6 22. Qd3 h6 23. Rd7 Bc5 24. Qd5 Qf6 25. Qd2 b5 26. Nd5 Qc6 27. b4 Kf8 28. Rc7 Rxc7 29. Nxc7 Bxf2+ 30. Kxf2 Qxc7 31. Qd5 Ke7 32. Kg2 g6 33. a3 Qd6 34. Qa8 f5 35. exf5 gxf5 36. Qc8 Qe6 37. Qc7+ Kf8 38. Qh7 Qf6 39. Kh3 e4 40. Qa7 Kg8 41. Qd7 Kf8 42. Qc8+ Kg7 43. g4 fxg4+ 44. Qxg4+ Kf7 45. Qxe4 Qc3+ 46. Kg4 Qxa3 1/2-1/2

[Event "74th ARM-ch Women 2019"]
[Site "Yerevan"]
[Date "2019.01.12"]
[Round "1"]
[White "Grigoryan, Arpine"]
[Black "Khachatryan, Anna"]
[Result "0-1"]
[ECO "B31"]
[WhiteElo "1962"]
[BlackElo "2110"]
[Annotator "NA"]
[PlyCount "176"]
[EventDate "2019.01.12"]
[EventType "tourn"]
[EventCountry "ARM"]
[SourceTitle "playchess.com"]
[Source "ChessBase"]
[SourceQuality "1"]
[TimeControl "40/5400+30:1800+30"]

1. e4 c5 2. Nf3 Nc6 3. Bb5 g6 4. Bxc6 dxc6 5. d3 Bg7 6. h3 Nf6 7. Nc3 Nd7 8. Be3 e5 9. O-O Qe7 10. Nd2 Nf8 11. f4 exf4 12. Bxf4 Be6 13. Qe1 O-O-O 14. Qg3 h6 15. Bb8 b6 16. a4 Kb7 17. Be5 f6 18. Bf4 Bf7 19. a5 Ne6 20. e5 f5 21. Nc4 Nxf4 22. Qxf4 Bxc4 23. Qxc4 b5 24. Nxb5 cxb5 25. Qxb5+ Ka8 26. Qc6+ Qb7 27. Qxg6 Bxe5 28. a6 Qd5 29. Qxf5 Bd4+ 30. Kh1 Qxf5 31. Rxf5 Rhf8 32. Rh5 Rd6 33. c3 Be3 34. Re5 Bg5 35. Rxc5 Rxd3 36. Re5 Rfd8 37. Rae1 Rd1 38. Re8 Rxe1+ 39. Rxe1 Kb8 40. Re4 Kc7 41. h4 Bf6 42. b4 Rd3 43. b5 Rxc3 44. g3 Kd7 45. Rb4 Bd8 46. Rg4 Bb6 47. Rg6 Be3 48. Kg2 Ke7 49. g4 Kf7 50. h5 Rb3 51. Kf3 Bg5+ 52. Ke4 Rb4+ 53. Kf3 Rxb5 54. Ke4 Rb4+ 55. Ke5 Rxg4 56. Rc6 Be3 57. Kf5 Rb4 58. Ke5 Rh4 59. Rc7+ Ke8 60. Ke6 Re4+ 61. Kd5 Ra4 62. Rc6 Kf7 63. Ke5 Ke7 64. Re6+ Kd7 65. Rd6+ Kc7 66. Re6 Rb4 67. Kd5 Bg5 68. Rc6+ Kb8 69. Rg6 Kc7 70. Rg7+ Kb6 71. Rb7+ Ka5 72. Rxa7 Rb6 73. Ke4 Rf6 74. Ke5 Rf8 75. Rb7 Kxa6 76. Rb3 Rf1 77. Rh3 Kb5 78. Ke4 Kc4 79. Rh2 Rf4+ 80. Ke5 Kd3 81. Ra2 Ke3 82. Ra3+ Kf2 83. Rb3 Rh4 84. Kf5 Rxh5 85. Rb2+ Kf3 86. Kg6 Rh1 87. Rb5 Kg4 88. Ra5 Bf4 0-1

[Event "74th ARM-ch Women 2019"]
[Site "Yerevan"]
[Date "2019.01.12"]
[Round "1"]
[White "Hakobyan, Astghik"]
[Black "Gevorgyan, Maria"]
[Result "0-1"]
[ECO "B40"]
[WhiteElo "1776"]
[BlackElo "2228"]
[Annotator "NA"]
[PlyCount "94"]
[EventDate "2019.01.12"]
[EventType "tourn"]
[EventCountry "ARM"]
[SourceTitle "playchess.com"]
[Source "ChessBase"]
[SourceQuality "1"]
[TimeControl "40/5400+30:1800+30"]

1. e4 c5 2. Nf3 e6 3. d3 d5 4. Nbd2 Nf6 5. g3 Be7 6. Bg2 Nc6 7. O-O O-O 8. e5 Nd7 9. Re1 b5 10. Nf1 Re8 11. h4 a5 12. N1h2 b4 13. Ng4 Bf8 14. Bg5 Qc7 15. Bf4 a4 16. Ng5 h6 17. Nh3 Ba6 18. Bxd5 exd5 19. e6 Nde5 20. Rxe5 Nxe5 21. Bxe5 Bd6 22. Nxh6+ Kf8 23. Bxd6+ Qxd6 24. exf7 Red8 25. Nf5 Qg6 26. Ne3 Kxf7 27. Qf3+ Kg8 28. Nxd5 Qf7 29. Qxf7+ Kxf7 30. Ng5+ Kg6 31. Nc7 Ra7 32. Nge6 Rc8 33. Nxa6 Rxa6 34. Nf4+ Kf5 35. Re1 c4 36. Nd5 cxd3 37. Ne7+ Kf6 38. Nd5+ Kf7 39. cxd3 b3 40. Nb4 Rb6 41. a3 Rxb4 42. axb4 a3 43. Kg2 a2 44. Ra1 Rc2 45. b5 Rxb2 46. b6 Re2 47. d4 Re6 0-1

[Event "74th ARM-ch Women 2019"]
[Site "Yerevan"]
[Date "2019.01.13"]
[Round "2"]
[White "Kursova, Maria"]
[Black "Grigoryan, Arpine"]
[Result "0-1"]
[ECO "D37"]
[WhiteElo "2279"]
[BlackElo "1962"]
[Annotator "NA"]
[PlyCount "66"]
[EventDate "2019.01.12"]
[EventType "tourn"]
[EventCountry "ARM"]
[SourceTitle "playchess.com"]
[Source "ChessBase"]
[SourceQuality "1"]
[TimeControl "40/5400+30:1800+30"]

1. d4 Nf6 2. Nf3 e6 3. c4 d5 4. Nc3 dxc4 5. e4 Bb4 6. Bg5 c5 7. Bxc4 cxd4 8. Nxd4 Bxc3+ 9. bxc3 Qa5 10. Bb5+ Nbd7 11. Bxf6 Qxc3+ 12. Kf1 gxf6 13. Nxe6 Qe5 14. Nd4 O-O 15. Qg4+ Kh8 16. Rd1 Nb6 17. Qh4 Rg8 18. Be2 f5 19. f4 Qg7 20. Bf3 fxe4 21. Bxe4 Bg4 22. Rd3 f5 23. Ne6 Qa1+ 24. Kf2 Qb2+ 25. Kg3 fxe4 26. Ng5 Bf5 27. Rb3 Qd4 28. h3 Rxg5+ 29. fxg5 Nd5 30. Rc1 Qe5+ 31. Kf2 Nf4 32. Re1 Qd4+ 33. Kg3 Nd3 0-1

[Event "74th ARM-ch Women 2019"]
[Site "Yerevan"]
[Date "2019.01.13"]
[Round "2"]
[White "Gevorgyan, Maria"]
[Black "Gaboyan, Susanna"]
[Result "1-0"]
[ECO "B00"]
[WhiteElo "2228"]
[BlackElo "2111"]
[Annotator "NA"]
[PlyCount "57"]
[EventDate "2019.01.12"]
[EventType "tourn"]
[EventCountry "ARM"]
[SourceTitle "playchess.com"]
[Source "ChessBase"]
[SourceQuality "1"]
[TimeControl "40/5400+30:1800+30"]

1. e4 Nc6 2. Nf3 d6 3. d4 Nf6 4. Nc3 g6 5. h3 Bg7 6. Be3 O-O 7. Qd2 a6 8. d5 Nb8 9. a4 Nbd7 10. Bd3 Nc5 11. O-O a5 12. Rae1 Nfd7 13. Bg5 f6 14. Be3 e5 15. dxe6 Nxe6 16. Bc4 Ne5 17. Nxe5 fxe5 18. Bg5 Qe8 19. Nb5 Rf7 20. f4 exf4 21. Bxf4 Kh8 22. Bh6 Re7 23. Rf3 Bxh6 24. Qxh6 Bd7 25. Ref1 Bxb5 26. axb5 Rg7 27. Rf6 Nd4 28. Rf7 Nf5 29. R1xf5 1-0

[Event "74th ARM-ch Women 2019"]
[Site "Yerevan"]
[Date "2019.01.13"]
[Round "2"]
[White "Khachatryan, Anna"]
[Black "Ghukasyan, Siranush"]
[Result "1/2-1/2"]
[ECO "D02"]
[WhiteElo "2110"]
[BlackElo "2226"]
[Annotator "NA"]
[PlyCount "46"]
[EventDate "2019.01.12"]
[EventType "tourn"]
[EventCountry "ARM"]
[SourceTitle "playchess.com"]
[Source "ChessBase"]
[SourceQuality "1"]
[TimeControl "40/5400+30:1800+30"]

1. Nf3 d5 2. d4 Nf6 3. Bf4 Bf5 4. e3 e6 5. Be2 Be7 6. O-O h6 7. c4 c6 8. Nc3 O-O 9. h3 Nbd7 10. Qb3 Qb6 11. c5 Qxb3 12. axb3 Ne4 13. b4 a6 14. Bh2 f6 15. Nxe4 Bxe4 16. Nd2 Bg6 17. Nb3 Kf7 18. Na5 Ra7 19. Ra3 Bh7 20. Nb3 Raa8 21. Na5 Ra7 22. Nb3 Raa8 23. Na5 Ra7 1/2-1/2

[Event "74th ARM-ch Women 2019"]
[Site "Yerevan"]
[Date "2019.01.13"]
[Round "2"]
[White "Mkrtchyan, Mariam"]
[Black "Avetisyan, Mariam"]
[Result "0-1"]
[ECO "E06"]
[WhiteElo "2098"]
[BlackElo "2106"]
[Annotator "NA"]
[PlyCount "64"]
[EventDate "2019.01.12"]
[EventType "tourn"]
[EventCountry "ARM"]
[SourceTitle "playchess.com"]
[Source "ChessBase"]
[SourceQuality "1"]
[TimeControl "40/5400+30:1800+30"]

1. d4 d5 2. c4 e6 3. Nf3 Nf6 4. g3 Be7 5. Bg2 O-O 6. O-O dxc4 7. Qc2 a6 8. a4 Bd7 9. Rd1 Bc6 10. Nc3 Bb4 11. Bg5 Bxc3 12. Bxf6 Qxf6 13. bxc3 Nd7 14. e4 b5 15. h4 Qg6 16. Ne1 Nf6 17. d5 exd5 18. exd5 Bd7 19. Qxg6 fxg6 20. Nc2 bxa4 21. Ne3 Bb5 22. Rd4 Rad8 23. Rad1 a3 24. Nxc4 c5 25. Rf4 a2 26. Ne3 Rb8 27. Bf1 Bxf1 28. Rxf1 Nxd5 29. Rxf8+ Kxf8 30. c4 Nxe3 31. fxe3+ Ke7 32. Kg2 Rb1 0-1

[Event "74th ARM-ch Women 2019"]
[Site "Yerevan"]
[Date "2019.01.13"]
[Round "2"]
[White "Mkrtchyan, Anahit D."]
[Black "Hakobyan, Astghik"]
[Result "1/2-1/2"]
[ECO "C07"]
[WhiteElo "1829"]
[BlackElo "1776"]
[Annotator "NA RC"]
[PlyCount "91"]
[EventDate "2019.01.12"]
[EventType "tourn"]
[EventCountry "ARM"]
[SourceTitle "playchess.com"]
[Source "ChessBase"]
[SourceQuality "1"]
[TimeControl "40/5400+30:1800+30"]

1. e4 e6 2. d4 d5 3. Nd2 c5 4. exd5 Qxd5 5. Ngf3 cxd4 6. Bc4 Qd6 7. O-O Nf6 8. Nb3 Nc6 9. Nbxd4 Nxd4 10. Nxd4 a6 11. Re1 Be7 12. c3 O-O 13. Qf3 Qc7 14. Bd3 Rd8 15. Bf4 Bd6 16. Bxd6 Qxd6 17. Bc2 Qc7 18. Rad1 Bd7 19. Qg3 Rac8 20. Qxc7 Rxc7 21. Nf3 Rdc8 22. Ne5 Bc6 23. Rd2 Bd5 24. Red1 g6 25. Bb3 b5 26. f3 Kg7 27. Kf2 a5 28. Rd4 Rc5 29. Bxd5 Rxd5 30. Rxd5 Nxd5 31. Rd4 Kf6 32. Ng4+ Ke7 33. Ne3 Nb6 34. g4 h6 35. f4 Na4 36. Rd2 Nc5 37. Kf3 f5 38. gxf5 gxf5 39. Rd4 Ne4 40. Nf1 a4 41. a3 Nd6 42. Ne3 Rc5 43. Kg3 Ne4+ 44. Kf3 Kf6 45. Rd8 Rc6 46. Rd4 1/2-1/2

[Event "74th ARM-ch Women 2019"]
[Site "Yerevan"]
[Date "2019.01.14"]
[Round "3"]
[White "Ghukasyan, Siranush"]
[Black "Kursova, Maria"]
[Result "1/2-1/2"]
[ECO "B30"]
[WhiteElo "2226"]
[BlackElo "2279"]
[Annotator "NA"]
[PlyCount "92"]
[EventDate "2019.01.12"]
[EventType "tourn"]
[EventCountry "ARM"]
[SourceTitle "playchess.com"]
[Source "ChessBase"]
[SourceQuality "1"]
[TimeControl "40/5400+30:1800+30"]

1. e4 c5 2. Nf3 Nc6 3. Bb5 e6 4. O-O Nge7 5. d4 cxd4 {[%emt 0:00:14] LiveBook: 212 Games} 6. Nxd4 Qb6 7. Nxc6 {[%emt 0:00:13] B30: Sicilian: 2...Nc6 3 Bb5, lines without ...g6} bxc6 8. Bd3 Ng6 9. c4 Bc5 10. Nc3 Qc7 11. Na4 (11. Kh1 e5 12. Na4 Bd4 13. c5 d6 14. Be3 dxc5 15. Nxc5 Bxb2 {0-1 (56) Adams,M (2712)-Adhiban,B (2668) Douglas 2018}) 11... Bd6 $146 ({Predecessor:} 11... Bd4 12. c5 O-O 13. Kh1 e5 14. Bc4 d6 {0-1 (37) Vasquez Schroder,R (2553)-Ynojosa Aponte,F (2395) Medellin 2017 CBM 179 [Ynojosa,F]}) 12. g3 c5 13. Nc3 a6 14. f4 Bb7 15. Be3 Qc6 (15... Be7 $14) 16. Be2 O-O 17. Bf3 Be7 18. h4 $16 Qc7 19. h5 Nh8 20. Qe2 f6 21. Rad1 Nf7 22. Qf2 Rac8 23. Rd2 Nd6 24. Rfd1 Rfd8 25. b3 f5 26. e5 Nf7 27. Na4 Bc6 28. Bxc6 Qxc6 29. Qg2 d6 30. Qxc6 Rxc6 31. exd6 Rdxd6 32. Rxd6 Bxd6 33. a3 Kf8 34. b4 cxb4 35. c5 Be7 36. axb4 Ke8 37. Kg2 Rc7 38. Bd4 Bf6 39. Bxf6 gxf6 40. Nb6 Nd8 41. Nc4 Nc6 42. Nd6+ Ke7 43. Rb1 Kd7 44. Rd1 Ke7 45. Rb1 Kd7 46. Rd1 Ke7 1/2-1/2

[Event "74th ARM-ch Women 2019"]
[Site "Yerevan"]
[Date "2019.01.14"]
[Round "3"]
[White "Gaboyan, Susanna"]
[Black "Mkrtchyan, Anahit D."]
[Result "1-0"]
[ECO "A06"]
[WhiteElo "2111"]
[BlackElo "1829"]
[Annotator "NA"]
[PlyCount "89"]
[EventDate "2019.01.12"]
[EventType "tourn"]
[EventCountry "ARM"]
[SourceTitle "playchess.com"]
[Source "ChessBase"]
[SourceQuality "1"]
[TimeControl "40/5400+30:1800+30"]

1. Nf3 d5 2. g3 Nf6 3. Bg2 Bf5 4. O-O e6 5. d3 Be7 6. c4 c6 7. Qb3 Qb6 8. Nc3 Nbd7 9. cxd5 Qxb3 10. axb3 exd5 11. Nd4 Be6 12. e4 Nc5 13. exd5 Bxd5 14. Nxd5 Nxd5 $11 15. Bxd5 cxd5 16. Re1 Kf8 17. Nf5 Bf6 18. Bd2 Nxd3 19. Re3 Ne5 20. Bb4+ Kg8 21. Rxe5 Bxe5 22. Ne7+ Kf8 23. Ng6+ Kg8 24. Nxe5 f6 25. Nf3 Kf7 26. Nd4 a6 27. Nf5 g6 28. Nd6+ Kg7 29. Rc1 g5 30. Rc7+ Kg6 31. g4 h5 32. h3 hxg4 33. hxg4 Rh7 34. Rc5 Rh4 35. f3 Rah8 36. Bc3 Rh1+ 37. Kf2 R8h2+ 38. Ke3 Rh3 39. Rxd5 Rf1 40. Rf5 b5 41. Rxf6+ Kh7 42. Ne4 Kg8 43. Nxg5 Rhh1 44. Rxa6 Rd1 45. Ra8+ 1-0

[Event "74th ARM-ch Women 2019"]
[Site "Yerevan"]
[Date "2019.01.14"]
[Round "3"]
[White "Grigoryan, Arpine"]
[Black "Gevorgyan, Maria"]
[Result "0-1"]
[ECO "B31"]
[WhiteElo "1962"]
[BlackElo "2228"]
[Annotator "NA"]
[PlyCount "66"]
[EventDate "2019.01.12"]
[EventType "tourn"]
[EventCountry "ARM"]
[SourceTitle "playchess.com"]
[Source "ChessBase"]
[SourceQuality "1"]
[TimeControl "40/5400+30:1800+30"]

1. e4 c5 2. Nf3 Nc6 3. Bb5 g6 4. Bxc6 dxc6 5. d3 Bg7 6. h3 Nf6 7. Nc3 Nd7 8. Be3 e5 9. Qd2 h6 10. Nh2 b6 11. O-O Nf8 12. f4 exf4 13. Bxf4 Ne6 14. Be3 {[%emt 0:10:46] LiveBook: 3 Games} Nd4 15. Qf2 (15. Rae1 $14) 15... O-O 16. Qd2 Kh7 17. e5 $11 Qc7 18. Ne4 Qxe5 19. Bf4 Qd5 20. c4 Qd8 21. Bd6 Re8 22. Rxf7 Rxe4 23. dxe4 Qxd6 24. e5 Qe6 25. Rf2 Qxc4 26. Re1 Qxa2 27. h4 Bf5 28. g4 Be6 29. h5 gxh5 30. Qd3+ Kh8 31. g5 Qb3 32. Qxb3 Bxb3 33. gxh6 Bxh6 0-1

[Event "74th ARM-ch Women 2019"]
[Site "Yerevan"]
[Date "2019.01.14"]
[Round "3"]
[White "Hakobyan, Astghik"]
[Black "Mkrtchyan, Mariam"]
[Result "1-0"]
[ECO "B09"]
[WhiteElo "1776"]
[BlackElo "2098"]
[Annotator "NA"]
[PlyCount "95"]
[EventDate "2019.01.12"]
[EventType "tourn"]
[EventCountry "ARM"]
[SourceTitle "playchess.com"]
[Source "ChessBase"]
[SourceQuality "1"]
[TimeControl "40/5400+30:1800+30"]

1. e4 d6 2. d4 Nf6 3. Nc3 g6 4. f4 Bg7 5. Nf3 {[%emt 0:00:01] LiveBook: 5197 Games} O-O 6. Bd3 Nc6 7. e5 dxe5 8. dxe5 Nd5 9. Nxd5 Qxd5 10. Qe2 Be6 11. O-O f6 12. Kh1 (12. Rd1 $14) 12... fxe5 $11 13. f5 gxf5 14. Ng5 Nd4 15. Qh5 h6 16. Nxe6 Qxe6 17. b3 Kh7 18. c3 e4 19. Bc4 Qg6 20. Qxg6+ Kxg6 21. cxd4 c5 22. Ba3 Bxd4 23. Rad1 Rf6 24. Bd5 Rd6 25. Rxd4 cxd4 26. Bxd6 exd6 27. g4 e3 28. gxf5+ Kf6 29. Kg2 Rc8 30. Bc4 d5 31. Bd3 Rc3 32. Rd1 Ke5 33. Kf3 a5 34. Ke2 a4 35. Rb1 a3 36. Rf1 Rc6 37. Rg1 h5 38. Rg6 Rc1 39. Kf3 Rc6 40. Rxc6 bxc6 41. b4 h4 42. Kg4 Kf6 43. h3 Ke5 44. Kg5 e2 45. Bxe2 Ke4 46. f6 Ke3 47. Ba6 d3 48. Bxd3 1-0

[Event "74th ARM-ch Women 2019"]
[Site "Yerevan"]
[Date "2019.01.15"]
[Round "4"]
[White "Mkrtchyan, Anahit D."]
[Black "Grigoryan, Arpine"]
[Result "1/2-1/2"]
[ECO "A48"]
[WhiteElo "1829"]
[BlackElo "1962"]
[Annotator "NA RC"]
[PlyCount "78"]
[EventDate "2019.01.12"]
[EventType "tourn"]
[EventCountry "ARM"]
[SourceTitle "playchess.com"]
[Source "ChessBase"]
[SourceQuality "1"]
[TimeControl "40/5400+30:1800+30"]

1. d4 Nf6 2. Bf4 g6 3. Nf3 Bg7 4. e3 O-O 5. Bd3 d6 6. Nbd2 c5 7. c3 Nc6 8. O-O $15 e5 9. Bg5 cxd4 10. exd4 exd4 11. cxd4 d5 12. Qb3 Qd6 13. Rfe1 Be6 14. Rac1 Rab8 15. Bf1 Ng4 16. h3 Nxd4 17. Qa4 Nxf3+ 18. Nxf3 Ne5 19. Bf4 b5 20. Bxb5 Rxb5 21. Bxe5 Qb6 22. Bxg7 Kxg7 23. b3 Ra5 24. Qh4 Rxa2 25. Ng5 h6 26. Nxe6+ fxe6 27. Rf1 Rf7 28. Qg3 Qd4 29. Rc8 Qf4 30. Qc3+ d4 31. Qe1 d3 32. Qc3+ e5 33. Rc7 d2 34. Rxf7+ Kxf7 35. Qc7+ Kf6 36. Qd8+ Kg7 37. Qe7+ Qf7 38. Qxe5+ Kh7 39. Qe3 Rc2 1/2-1/2

[Event "74th ARM-ch Women 2019"]
[Site "Yerevan"]
[Date "2019.01.16"]
[Round "5"]
[White "Ghukasyan, Siranush"]
[Black "Mkrtchyan, Anahit D."]
[Result "1-0"]
[ECO "B17"]
[WhiteElo "2226"]
[BlackElo "1829"]
[Annotator "NA"]
[PlyCount "63"]
[EventDate "2019.01.12"]
[EventType "tourn"]
[EventCountry "ARM"]
[SourceTitle "playchess.com"]
[Source "ChessBase"]
[SourceQuality "1"]
[TimeControl "40/5400+30:1800+30"]

1. e4 c6 2. d4 d5 3. Nc3 dxe4 4. Nxe4 Nd7 {[%emt 0:00:00] LiveBook: 5807 Games} 5. Ng5 g6 {[%emt 0:00:00] B17: Caro-Kann: Modern Line (4...Nd7)} 6. Bc4 Nh6 7. c3 $146 ({Predecessor:} 7. N1f3 Nb6 8. Bb3 Bg7 9. O-O O-O 10. h3 a5 11. a4 Nf5 12. c3 Nd5 13. Ne4 {0-1 (61) Movsesian,S (2665)-Adly,A (2589) Tsaghkadzor 2015}) 7... Bg7 8. Bxf7+ Nxf7 9. Ne6 Qa5 10. Nxg7+ Kf8 11. Ne6+ Kg8 12. Nf3 Nf6 13. Nf4 Kg7 14. O-O Bf5 15. Re1 Rhe8 16. Ne6+ Bxe6 17. Rxe6 Rad8 18. Qe2 c5 19. dxc5 Qxc5 20. Be3 Qa5 21. Bd4 Kf8 22. Re1 Nd5 23. g3 b5 $18 (23... Nc7 $142 24. Rxe7 Qd5) 24. Ne5 Qc7 25. Qf3 Nf6 26. Nxf7 Kxf7 27. Rxf6+ Kg8 28. Rfe6 b4 29. Qe4 Kf7 30. Re3 Rd6 31. Qf4+ Kg8 32. Rxd6 1-0

[Event "74th ARM-ch Women 2019"]
[Site "Yerevan"]
[Date "2019.01.16"]
[Round "5"]
[White "Gaboyan, Susanna"]
[Black "Mkrtchyan, Mariam"]
[Result "1-0"]
[ECO "B08"]
[WhiteElo "2111"]
[BlackElo "2098"]
[Annotator "NA"]
[PlyCount "91"]
[EventDate "2019.01.12"]
[EventType "tourn"]
[EventCountry "ARM"]
[SourceTitle "playchess.com"]
[Source "ChessBase"]
[SourceQuality "1"]
[TimeControl "40/5400+30:1800+30"]

1. Nf3 g6 2. e4 Bg7 3. d4 d6 4. Nc3 Nf6 5. h3 O-O 6. Be2 c6 7. O-O b5 8. e5 dxe5 9. dxe5 Nfd7 10. e6 fxe6 11. Ng5 Nc5 $14 12. Be3 Nba6 13. Qc1 Qc7 14. Bf3 Bd7 15. Re1 e5 16. a4 b4 17. Nce4 Nxe4 18. Bxe4 Qa5 19. Qd1 Rad8 20. Qe2 Nc7 21. Nxh7 Bf5 22. Nxf8 Bxe4 23. Bg5 Bf5 24. g4 Rxf8 25. gxf5 Rxf5 26. Bxe7 Nd5 27. Bh4 Nf4 28. Qc4+ Kh7 29. Bg3 Nh5 30. Qxc6 e4 31. Rxe4 Nxg3 32. fxg3 Rh5 33. Rg4 Rh6 34. Re1 Qf5 35. Qe4 Qc5+ 36. Kg2 a5 37. h4 Qd6 38. Rg5 Bf6 39. Rd5 Qc7 40. Red1 Bg7 41. h5 Qc6 42. hxg6+ Rxg6 43. Rh5+ Kg8 44. Rd8+ Kf7 45. Rf5+ Rf6 46. Rxf6+ 1-0

[Event "74th ARM-ch Women 2019"]
[Site "Yerevan"]
[Date "2019.01.16"]
[Round "5"]
[White "Avetisyan, Mariam"]
[Black "Gevorgyan, Maria"]
[Result "0-1"]
[ECO "B31"]
[WhiteElo "2106"]
[BlackElo "2228"]
[Annotator "NA"]
[PlyCount "78"]
[EventDate "2019.01.12"]
[EventType "tourn"]
[EventCountry "ARM"]
[SourceTitle "playchess.com"]
[Source "ChessBase"]
[SourceQuality "1"]
[TimeControl "40/5400+30:1800+30"]

1. e4 c5 2. Nf3 Nc6 3. Bb5 g6 4. Bxc6 dxc6 5. d3 Bg7 6. h3 Nf6 7. Nc3 Nd7 8. Be3 e5 9. Qd2 h6 10. O-O b6 11. a4 a5 12. Nh2 Nf8 13. f4 exf4 14. Bxf4 Ne6 15. Bg3 Qg5 16. Qe1 Nd4 17. Rc1 O-O 18. e5 $11 Kh8 19. Kh1 Nf5 20. Bf4 Qe7 21. Nf3 g5 22. Bh2 f6 23. Qe4 fxe5 24. Nxe5 Qe6 25. g4 Ne7 26. Rxf8+ Bxf8 27. Rf1 Bg7 28. Rf7 Kg8 29. Nd1 Ng6 30. Rf5 Nxe5 31. Bxe5 Qe8 32. Bxg7 Qxe4+ 33. dxe4 Bxf5 34. gxf5 Kxg7 35. Nc3 Kf6 36. Kg2 Rd8 37. Nb1 Rd1 38. Na3 Rd4 39. Kf3 Rxa4 0-1

[Event "74th ARM-ch Women 2019"]
[Site "Yerevan"]
[Date "2019.01.16"]
[Round "5"]
[White "Grigoryan, Arpine"]
[Black "Hakobyan, Astghik"]
[Result "1-0"]
[ECO "C07"]
[WhiteElo "1962"]
[BlackElo "1776"]
[Annotator "NA"]
[PlyCount "159"]
[EventDate "2019.01.12"]
[EventType "tourn"]
[EventCountry "ARM"]
[SourceTitle "playchess.com"]
[Source "ChessBase"]
[SourceQuality "1"]
[TimeControl "40/5400+30:1800+30"]

1. e4 e6 2. d4 d5 3. Nd2 c5 4. exd5 Qxd5 5. Ngf3 cxd4 6. Bc4 Qd6 7. O-O {[%emt 0:00:06] LiveBook: 3192 Games} Nf6 8. Nb3 Nc6 9. Nbxd4 Nxd4 10. Nxd4 a6 11. Re1 Be7 12. c3 O-O 13. Bb3 {[%emt 0:01:01] C07: French Tarrasch: 3...c5, 4 Ngf3 and 4 exd5 Qxd5} Qc7 14. Bg5 (14. Qf3 Bd6 15. Qh3 e5 16. Nf5 g6 17. Qh4 Bxf5 18. Qxf6 e4 19. Qh4 Rfe8 {½-½ (141) Sardana,R (2402)-Deepan Chakkravarthy,J (2475) New Delhi 2018}) 14... b5 15. Qe2 Re8 $146 ({Predecessor:} 15... Bb7 16. Nxe6 Qc6 17. Qf3 Qxf3 18. gxf3 fxe6 19. Rxe6 Kh8 20. Rxe7 Bxf3 21. Bxf6 Rxf6 {½-½ (36) Hepsayar,M (1721)-Erken,S (1476) Antalya 2017}) 16. Rad1 $11 (16. a4 $5 ) 16... Qb6 17. Qd3 Bb7 18. Nxe6 Be4 19. Qh3 Bg6 20. Bxf6 Bxf6 21. Nf4 Rad8 22. Rxe8+ Rxe8 23. Nxg6 hxg6 24. Qg4 g5 25. g3 Qc6 26. Qh5 Rf8 27. Re1 Qd7 28. Rd1 Qc6 29. Re1 Qd7 30. Qf3 a5 31. Rd1 Qc7 32. Qf5 Qb6 33. Rd7 Qc6 34. Bd5 Qc8 35. Be4 g6 36. Qxb5 Rd8 37. Rxd8+ Qxd8 38. h3 Kg7 39. Bd5 Qc7 40. Kg2 Be5 41. Bc6 Qd6 42. Bd5 Qc7 43. g4 Bf6 44. a3 Be5 45. Qe2 Bf6 46. Qe8 Qa7 47. Qc6 Qe7 48. b4 axb4 49. axb4 Be5 50. b5 Qf6 51. Qxf6+ Kxf6 52. c4 Bd4 53. Kf3 Bc5 54. Ke2 Ke7 55. f3 f5 56. Kd3 Kf6 57. Bc6 Ke5 58. Be8 Kf6 59. Kc3 f4 60. Kb3 Ke5 61. Ka4 Bb6 62. c5 Bxc5 63. Ka5 Kd6 64. b6 Ke7 65. Bxg6 Kd7 66. Kb5 Bd4 67. Bf5+ Kd6 68. Ka6 Kc6 69. Be4+ Kd7 70. b7 Kc7 71. Bf5 Be3 72. h4 gxh4 73. g5 Bd4 74. g6 Kb8 75. Bc8 Bg7 76. Kb6 Ba1 77. Kc6 Bb2 78. Kd6 h3 79. Bxh3 Kxb7 80. Ke7 1-0

[Event "74th ARM-ch Women 2019"]
[Site "Yerevan"]
[Date "2019.01.17"]
[Round "6"]
[White "Gaboyan, Susanna"]
[Black "Grigoryan, Arpine"]
[Result "0-1"]
[ECO "A46"]
[WhiteElo "2111"]
[BlackElo "1962"]
[Annotator "NA"]
[PlyCount "96"]
[EventDate "2019.01.12"]
[EventType "tourn"]
[EventCountry "ARM"]
[SourceTitle "playchess.com"]
[Source "ChessBase"]
[SourceQuality "1"]
[TimeControl "40/5400+30:1800+30"]

1. Nf3 Nf6 2. d4 e6 3. e3 b6 4. Bd3 Bb7 5. O-O d5 6. c4 Bd6 7. Nc3 a6 8. b3 Nbd7 9. Qe2 O-O 10. e4 Bb4 11. Nxd5 exd5 12. cxd5 h6 13. Bb2 Re8 14. Qc2 Bd6 15. e5 Bxd5 16. exd6 cxd6 17. Nd2 Nf8 18. Bc4 Bb7 19. Qf5 b5 20. Bd3 Ng6 21. g3 Qb6 22. Rfc1 Bc8 23. Qf3 Bb7 24. Qd1 Nf8 25. Nf1 Ne6 26. h4 Nd5 27. Qd2 Qd8 28. Be4 Qd7 29. Bg2 Rab8 30. a4 bxa4 31. Rxa4 Nb6 32. d5 Nxa4 33. dxe6 fxe6 34. Ba3 Bxg2 35. Kxg2 Rxb3 36. Qxd6 Qb7+ 37. Kh2 Qf3 38. Bc5 Nxc5 39. Qxc5 Rb2 40. Kg1 Re2 41. Nh2 Qd5 42. Qb6 Rf8 43. Rf1 Qa2 44. Qc5 Rf5 45. Qa7 a5 46. Qa8+ Rf8 47. Qg2 a4 48. g4 Rexf2 0-1